 Dungeon Crawl Stone Soup version 0.28.0 (webtiles) character file.

Game seed: 4018737428359180458

156 SnakkuSnakku7 the Sneak (level 5, -4/35 HPs)
             Began as a Vampire Fire Elementalist on Feb 14, 2022.
             Killed by divine providence
             ... invoked by an orc priest
              (12 damage)
             ... on level 4 of the Dungeon.
             The game lasted 00:04:13 (2910 turns).

SnakkuSnakku7 the Sneak (Vampire Fire Elementalist) Turns: 2910, Time: 00:04:14

Health: -4/35      AC:  3    Str:  9    XL:     5   Next: 14%
Magic:  6/8        EV: 12    Int: 18    God:
Gold:   181        SH:  0    Dex: 14    Spells: 5/8 levels left

rFire   . . .      SeeInvis +   a - +2 mace (pain)
rCold   . . .      Faith    .   (no shield)
rNeg    . . .      Spirit   .   q - +0 robe
rPois   .          Reflect  .   (no helmet)
rElec   .          Harm     .   p - +0 cloak
rCorr   .          Rampage  .   (no gloves)
Will    .....                   (no boots)
Stlth   ++........              (no amulet)
HPRegen 0.31/turn               (no ring)
MPRegen 0.11/turn               (no ring)

@: mighty, healing quickly
A: alive, fangs 3, see invisible, vampiric 2
a: Exsanguinate


You were on level 4 of the Dungeon.
You visited 1 branch of the dungeon, and saw 4 of its levels.

You collected 181 gold pieces.

Inventory:

Hand Weapons
 a - a +2 mace of pain (weapon)
 b - a +0 vorpal mace
Armour
 p - a +0 cloak (worn)
 q - a +0 robe (worn)
Wands
 m - a wand of digging (3)
Scrolls
 c - a scroll of teleportation {unknown}
 d - a scroll of enchant armour {unknown}
 g - a scroll of torment {unknown}
 i - a scroll of immolation {unknown}
 j - 5 scrolls of identify {unknown}
 k - a scroll of acquirement {unknown}
 l - a scroll of blinking {unknown}
 o - 2 scrolls of vulnerability {unknown}
Potions
 e - 2 potions of might
 f - 2 potions of curing {unknown}
 h - 3 potions of heal wounds {unknown}
 n - a potion of haste {unknown}


   Skills:
 - Level 2.5 Maces & Flails
 - Level 2.1 Dodging
 - Level 3.0 Stealth
 - Level 2.0 Spellcasting
 - Level 0.6 Conjurations
 + Level 0.9 Necromancy
 - Level 2.4 Fire Magic
 - Level 2.2 Air Magic
 - Level 2.0 Poison Magic


You had 5 spell levels left.
You knew the following spells:

 Your Spells              Type           Power      Damage    Failure   Level
a - Poisonous Vapours     Pois/Air       18%        N/A       12%         2
b - Foxfire               Conj/Fire      28%        2x1d5     10%         1

Your spell library contained the following spells:

 Spells                   Type           Power      Damage    Failure   Level
 Scorch                   Fire           20%        2d6       11%         2
 Sting                    Tmut/Pois      20%        1d4       12%         1
 Corpse Rot               Necr/Air       14%        N/A       14%         2
 Slow                     Hex            4%         N/A       19%         1
 Conjure Flame            Conj/Fire      7%         6-21      28%         3
 Inner Flame              Hex/Fire       6%         N/A       32%         3
 Vampiric Draining        Necr           5%         2d6       36%         3
 Confusing Touch          Hex            1%         N/A       47%         3
 Olgreb's Toxic Radiance  Pois           9%         N/A       61%         4
 Flame Wave               Conj/Fire      7%         2d5       67%         4
 Dispel Undead            Necr           5%         3d7       77%         4
 Death Channel            Necr           2%         N/A       100%        6


Dungeon Overview and Level Annotations

Branches:
Dungeon (4/15)
 Temple: D:4-7

Altars:
Dithmenos
Elyvilon


Innate Abilities, Weirdness & Mutations

Your natural rate of healing is accelerated.
You have razor-sharp teeth.
You have supernaturally acute eyesight. (SInv)
You are afflicted with vampirism and can become a bat while bloodless.


Message History

You closely miss the orc. You bite the orc.
The orc is heavily wounded.
The orc misses you.
You hit the orc.
You kill the orc!
There is an open door, spattered with blood here.
Items here: ( )) [[ ††.
You see here an adder corpse.
There is a stone staircase leading down here.
You climb downwards.
You hear the sound of rushing water.
There is an entrance to a sewer on this level.
Hurry and find it before the portal rusts away!
Found an escape hatch in the ceiling.
There is a stone staircase leading up here.
You start resting.
An orc priest is nearby!
Aiming: Poisonous Vapours (safe; 12% risk of failure)
Press: ? - help, Q - select action, (/) - cycle Dir - move target, f - orc priest
Aim: an orc priest, wielding a +0 dagger Poisonous vapours surround the orc priest!
The orc priest is poisoned.
Unknown command.
You barely miss the orc priest. Your bite misses the orc priest.
The orc priest hits you with a +0 dagger.
You closely miss the orc priest.
The orc priest invokes the aid of Beogh against you.
Beogh smites you!
* * * LOW HITPOINT WARNING * * *
You are too injured to fight recklessly!
You are too injured to fight recklessly!
Unknown command.
It was a potion of might.
You feel very mighty all of a sudden.
The orc priest hits you with a +0 dagger.
* * * LOW HITPOINT WARNING * * *
You sock the orc priest!
The orc priest writhes in agony.
The orc priest is severely wounded.
The orc priest invokes the aid of Beogh against you.
Beogh smites you!
You die...

....o.....# ..........#
..........# ......o<..#
............ <.
............# #...#####
.....$........
#......#..............#
#@o.....##.#######
##......##. #.##..## .#
# #


You could see an orc priest (poisoned).

Vanquished Creatures
  Crazy Yiuf (D:3)
  Jessica (D:3)
  3 adders
  4 orcs (D:3)
  4 bats
  5 endoplasms
  2 giant cockroaches (D:1)
  8 goblins
  5 hobgoblins
  3 jackals (D:1)
  5 quokkas
  7 ball pythons
  A frilled lizard (D:2)
  7 kobolds
  8 rats
64 creatures vanquished.

Notes
Turn   | Place    | Note
-------+----------+-------------------------------------------
     0 | D:1      | SnakkuSnakku7 the Vampire Fire Elementalist began the quest
                  | for the Orb.
     0 | D:1      | Reached XP level 1. HP: 13/13 MP: 3/3
    52 | D:1      | Reached skill level 1 in Maces & Flails
   199 | D:1      | Reached XP level 2. HP: 10/19 MP: 5/5
   234 | D:1      | Found a faded altar of an unknown god.
   512 | D:1      | Gained mutation: You are afflicted with vampirism and can
                  | become a bat while bloodless. [Vampire growth]
   512 | D:1      | Reached XP level 3. HP: 24/24 MP: 6/6
  1062 | D:1      | Learned a level 2 spell: Poisonous Vapours
  1761 | D:3      | Noticed Jessica
  1766 | D:3      | Killed Jessica
  1767 | D:3      | Reached skill level 1 in Air Magic
  1767 | D:3      | Reached skill level 1 in Poison Magic
  1767 | D:3      | Reached XP level 4. HP: 26/30 MP: 7/7
  1799 | D:3      | Found a runed translucent door.
  1800 | D:3      | Noticed Crazy Yiuf
  2150 | D:3      | Found a shadowy altar of Dithmenos.
  2763 | D:3      | Killed Crazy Yiuf
  2764 | D:3      | Reached XP level 5. HP: 13/35 MP: 1/8
  2910 | D:4      | Killed from afar by an orc priest

Illustrated notes

Levels and vault maps discovered:
D:1:      eino_arrival_water_star, layout_loops_corners,
          chequers_ecumenical_altar_island
D:2:      layout_basic
D:3:      layout_loops_corners, mainiacjoe_overflow_paths,
          nicolae_elyvilon_temple_path, uniq_jessica, uniq_crazy_yiuf_cottage
D:4:      layout_rooms, gup_sewer_entry_spiral

Skill      XL: |  1  2  3  4 |
---------------+-------------+-----
Maces & Flails | 1 2 |  2.5
Air Magic      | 1 2 |  2.2
Poison Magic   | 1 2 |  2.0
Dodging        | |  2.1
Stealth        | |  3.0
Spellcasting   | |  2.0
Conjurations   | |  0.6
Necromancy     | |  0.9
Fire Magic     | |  2.4

Action                   |  1- 3 |  4- 6 || total
-------------------------+-------+-------++-------
Melee: Mace              |   119 |    40 ||   159
       Bite              |    15 |     5 ||    20
       Punch             |     2 |       ||     2
 Cast: Poisonous Vapours |       |     7 ||     7
  Use: Potion            |       |     1 ||     1
 Stab: Sleeping          |    10 |     1 ||    11
Armor: Robe              |    19 |     4 ||    23
Dodge: Dodged            |    90 |    24 ||   114
